 Dungeon Crawl Stone Soup version 0.31.0-11-ge490571c62 (webtiles) character file.

Game seed: 6674885705916534310

109 Arcadio the Chiller (level 4, -12/33 HPs)
             Began as a Draconian Ice Elementalist on Jan 31, 2024.
             Mangled by an orc warrior
             ... wielding a +0 glaive
              (13 damage)
             ... on level 4 of the Dungeon.
             The game lasted 00:04:44 (2602 turns).

Arcadio the Chiller (Draconian Ice Elementalist)    Turns: 2602, Time: 00:04:44

Health: -12/33     AC:  5    Str: 11    XL:     4   Next: 59%
Magic:  8/8        EV: 12    Int: 17    God:
Gold:   140        SH:  0    Dex: 11    Spells: 2/9 levels left

rFire   . . .        l - +2 dagger (pain)
rCold   . . .        i - orb {*channel}
rNeg    . . .        (body armour unavailable)
rPois   .            (helmet restricted)
rElec   .            (no cloak)
rCorr   .            (no gloves)
SInv    .            (no boots)
Will    .....        (no amulet)
Stlth   ++           j - +4 ring of slaying
HPRegen 0.25/turn    (no ring)
MPRegen 0.11/turn

%: channel magic (20%)
@: lethally poisoned (-12 -> -17), about to teleport
A: AC +5, unfitting armour, cold-blooded
a: no special abilities


You were on level 4 of the Dungeon.
You visited 1 branch of the dungeon, and saw 4 of its levels.

You collected 173 gold pieces.
You spent 33 gold pieces at shops.

Inventory:

Hand Weapons
 f - a +0 dagger
 l - a +2 dagger of pain (weapon)
Armour
 i - an orb of energy (worn)
Jewellery
 j - a +4 ring of slaying (left hand)
Scrolls
 d - 2 scrolls of poison {unknown}
 e - a scroll of teleportation
 p - a scroll of butterflies {unknown}
 q - a scroll of immolation {unknown}
 s - a scroll of blinking {unknown}
 u - a scroll of silence {unknown}
 v - a scroll of enchant weapon {unknown}
 w - a scroll of amnesia {unknown}
 y - a scroll of noise {unknown}
Potions
 a - a potion of magic
 b - a potion of might {unknown}
 c - 2 potions of haste {unknown}
 g - a potion of enlightenment {unknown}
 h - 2 potions of heal wounds {unknown}
 k - 2 potions of berserk rage {unknown}
 m - a potion of ambrosia {unknown}
 n - a potion of attraction {unknown}
 o - a potion of curing
 r - a potion of brilliance {unknown}
 t - a potion of cancellation {unknown}
 x - a potion of mutation {unknown}


   Skills:
 + Level 2.9 Dodging
 - Level 1.7 Stealth
 + Level 3.0 Spellcasting
 + Level 4.7 Ice Magic


You had 2 spell levels left.
You knew the following spells:

 Your Spells              Type           Power      Damage    Failure   Level
a - Freeze                Ice            72%        1d8       10%         1
b - Frozen Ramparts       Ice            36%        1d6       21%         3
c - Ozocubu's Armour      Ice            18%        N/A       21%         3

Your spell library contained the following spells:

 Spells                   Type           Power      Damage    Failure   Level
 Apportation              Tloc           4%         N/A       36%         1
 Necrotise                Necr           8%         1d4       36%         1
 Sting                    Conj/Alch      8%         1d3       36%         1
 Summon Small Mammal      Summ           8%         N/A       36%         1
 Jinxbite                 Hex            4%         N/A       47%         2
 Summon Ice Beast         Ice/Summ       10%        N/A       41%         3
 Inner Flame              Hex/Fire       2%         N/A       67%         3
 Flame Wave               Conj/Fire      2%         2d4       95%         4
 Sticky Flame             Fire/Alch      2%         2d4       95%         4
 Yara's Violent Unravell  Hex/Alch       1%         3d3       100%        5
 Enfeeble                 Hex            1%         N/A       100%        7


Dungeon Overview and Level Annotations

Branches:
Dungeon (4/15)
 Temple: D:4-7

Altars:

Shops:
D:2 **


Innate Abilities, Weirdness & Mutations

Your plain brown scales are hard. (AC +5)
You cannot fit into any form of body armour.
You are cold-blooded and may be slowed by cold attacks.


Message History

You feel strangely unstable.
It was a scroll of teleportation.
The hound barks!
Your surroundings suddenly seem different.
An orc warrior, 4 orcs and 2 orc wizards come into view.
An orc is wielding a +0 short sword of venom.
The orc wizard shouts! x2; The orc warrior shouts!
The orc shouts!
You hear a shout! x3
The orc warrior barely misses you.
An orc comes into view. It is wielding a +0 falchion.
The orc wizard points at you and mumbles some strange words.
The magic dart hits you!
An orc comes into view. It is wielding a +0 hand axe.
The orc shouts! x2
An orc comes into view. It is wielding a +0 dagger.
The orc shouts!
The orc warrior misses you.
The orc wizard points at you and mumbles some strange words.
The puff of flame hits you!
An orc comes into view. It is wielding a +0 club.
The orc barely misses you.
The orc shouts!
The orc warrior barely misses you. The orc misses you.
The orc closely misses you. The orc hits you but does no damage.
The orc attacks as it pursues you! The orc closely misses you.
The orc hits you but does no damage.
The orc warrior attacks as it pursues you!
The orc warrior hits you from afar with a +0 glaive!
* * * LOW HITPOINT WARNING * * *
The orc hits you but does no damage.
As you read the scroll of teleportation, it crumbles to dust.
You feel strangely unstable. The orc closely misses you.
The orc suddenly cheers.
The orc warrior closely misses you. The orc closely misses you.
The orc hits you with a +0 hand axe.
* * * LOW HITPOINT WARNING * * *
The orc hits you with a +0 short sword of venom.
* * * LOW HITPOINT WARNING * * *
You are lethally poisoned!
The orc warrior hits you from afar with a +0 glaive!
You die...

##### #.(.#
#..?# #...
####o##
#.oo.@# #
#.ooo.#
#.8.#..oo.#
'....'.o..[#
##.8.#...o.#
### #.....#
#..o..#
##'#### ...


You could see an orc warrior, 2 orc wizards and 8 orcs.

Vanquished Creatures
  An iguana (D:3)
  3 adders
  3 dart slugs
  2 ribbon worms
  2 orcs (D:3)
  4 endoplasms
  3 goblins
  4 hobgoblins
  2 jackals (D:3)
  3 quokkas (D:1)
  3 ball pythons (D:1)
  2 bats
  2 frilled lizards
  7 kobolds
  4 rats
45 creatures vanquished.

Notes
Turn   | Place    | Note
-------+----------+-------------------------------------------
     0 | D:1      | Arcadio the Draconian Ice Elementalist began the quest for
                  | the Orb.
     0 | D:1      | Reached XP level 1. HP: 14/14 MP: 3/3
   316 | D:1      | Reached XP level 2. HP: 20/20 MP: 1/5
  1217 | D:2      | Found Woyxibop's Assorted Antiques.
  1336 | D:2      | Found Cunaghao's General Store.
  1341 | D:2      | Bought a potion of curing for 33 gold pieces
  1528 | D:2      | Reached XP level 3. HP: 26/26 MP: 4/6
  1840 | D:3      | Reached XP level 4. HP: 25/33 MP: 2/8
  2190 | D:3      | Learned a level 3 spell: Frozen Ramparts
  2194 | D:3      | Learned a level 3 spell: Ozocubu's Armour
  2597 | D:4      | Noticed an orc warrior
  2597 | D:4      | Found the +1 Delatra's gloves {ID++}
  2602 | D:4      | HP: 1/33 [orc/+0 short sword of venom (1)]
  2602 | D:4      | Mangled by an orc warrior

Illustrated notes

Levels and vault maps discovered:
D:1:      kilobyte_arrival_exit_the_forest, layout_loops_cross, st_stairs_12,
          minmay_door_square
D:2:      layout_loops_ring, serial_shops, nicolae_shop_dealshenge, shop,
          small_statue_intersection
D:3:      layout_basic
D:4:      layout_loops_ring, pf_guarded_unrand_delatra, uniq_pikel, uniq_ijyb

Skill      XL: |  1  2  3  4 |
---------------+-------------+-----
Dodging        | 2 |  2.9
Spellcasting   | 3 |  3.0
Stealth        | |  1.7
Ice Magic      | |  4.7

Action                     |  1- 3 |  4- 6 || total
---------------------------+-------+-------++-------
  Melee: Unarmed           |     3 |       ||     3
         Dagger            |    23 |    17 ||    40
         Tailslap          |     2 |     1 ||     3
   Cast: Freeze            |    41 |    17 ||    58
    Use: Scroll            |       |     2 ||     2
   Stab: Sleeping          |     3 |       ||     3
 Armour: Skin              |    21 |    22 ||    43
  Dodge: Dodged            |    31 |    21 ||    52
